 Dungeon Crawl Stone Soup version 0.19-a0-675-gf8984cf (webtiles) character file.

139990 hypermopl the Unseen (level 16, 0/127 HPs)
             Began as a Demonspawn Assassin on June 15, 2016.
             Was a High Priest of Okawaru.
             Slain by a jumping spider (12 damage)
             ... on level 1 of the Spider Nest on June 16, 2016.
             The game lasted 01:56:15 (39498 turns).

hypermopl the Unseen (Demonspawn Assassin)         Turns: 39498, Time: 01:56:16

Health: 0/127      AC:  9    Str: 12    XL:     16   Next: 74%
Magic:  22/22      EV: 18    Int: 15    God:    Okawaru [*****.]
Gold:   974        SH:  0    Dex: 24    Spells: 0 memorised, 15 levels left

rFire  + . .     SeeInvis +     a - +9 rapier "Zec Tias" {flame, rN+}
rCold  + + .     Gourm    .     U - +2 robe {MR+}
rNeg   + + .     Faith    +     (no shield)
rPois  +         Spirit   .     M - -2 hat of the Alchemist {rElec rPois rF+ rC+ rN+ MR+ rMut rCorr}
rElec  +         Dismiss  .     d - +0 cloak
rCorr  +         Reflect  .     A - +0 pair of gloves {Dex+3}
rMut   +         Harm     .     n - +4 pair of boots "Ecsa" {rCorr Int+2}
SustAt .                        V - amulet of faith {!P}
MR     +++..                    O - ring of see invisible
Stlth  ++++++++..               X - ring of stealth

@: lethally poisoned (0 -> -2), extremely resistant to hostile enchantments,
extraordinarily stealthy
A: hooves 2, cold resistance 1, spiny 2, wild magic 1, freezing cloud immunity,
sturdy frame 2
a: Heroism, Finesse, Renounce Religion


You were on level 1 of the Spider Nest.
You worshipped Okawaru.
Okawaru was extremely pleased with you.
You were not hungry.

You visited 6 branches of the dungeon, and saw 29 of its levels.
You also visited: Ossuary, Ice Cave and Volcano.

You collected 3097 gold pieces.
You spent 2123 gold pieces at shops.

Inventory:

Hand Weapons
 a - the +9 rapier "Zec Tias" (weapon) {flame, rN+}
   (Okawaru gifted it to you on level 5 of the Lair of Beasts)

   It has been specially enchanted to burn those struck by it, causing extra
   injury to most foes and up to half again as much damage against particularly
   susceptible opponents.
   It protects you from negative energy.
 b - a +5 blowgun
 S - the +7 lajatang of Order {silver, rMut}
   (You found it on level 2 of the Lair of Beasts)

   It protects you from mutation.
 Y - a +3 dagger of speed
Missiles
 c - 12 javelins of penetration
 f - 13 curare-tipped needles
 l - 13 needles of sleeping
 v - 12 tomahawks (quivered)
 F - 6 throwing nets
 H - 19 needles of confusion
 K - 21 needles of frenzy
Armour
 d - a +0 cloak (worn)
 n - the +4 pair of boots "Ecsa" (worn) {rCorr Int+2}
   (Okawaru gifted it to you on level 15 of the Dungeon)

   It affects your intelligence (+2).
   It protects you from acid and corrosion.
 A - a +0 pair of gloves of dexterity (worn)
 M - the -2 hat of the Alchemist (worn) {rElec rPois rF+ rC+ rN+ MR+ rMut rCorr}
   (You bought it in a shop on level 2 of the Orcish Mines)

   It protects you from fire.
   It protects you from cold.
   It insulates you from electricity.
   It protects you from poison.
   It protects you from negative energy.
   It affects your resistance to hostile enchantments.
   It protects you from acid and corrosion.
   It protects you from mutation.
 U - a +2 robe of magic resistance (worn)
Jewellery
 x - a +3 ring of evasion
 O - a ring of see invisible (right hand)
 V - an amulet of faith (around neck) {!P}
 X - a ring of stealth (left hand)
Wands
 e - a wand of lightning (8/15)
 I - a wand of lightning (8/15)
 L - a wand of iceblast (7/15)
 Q - a wand of disintegration (0/24)
 R - a wand of confusion (19/48)
 T - a wand of polymorph (3/24)
 W - a wand of teleportation (2/9)
 Z - a wand of digging (11/24)
Scrolls
 h - a scroll of blinking
 k - 3 scrolls of magic mapping
 m - 4 scrolls of teleportation
 o - 7 scrolls of remove curse
 q - a scroll of summoning
 E - 3 scrolls of fear
Potions
 i - 8 potions of haste
 j - a potion of resistance
 p - a potion of lignification {!q}
 r - 16 potions of curing
 t - 6 potions of ambrosia
 C - 3 potions of cancellation
 D - 7 potions of might
 G - 5 potions of berserk rage {!q}
 J - 3 potions of flight
 N - 5 potions of agility
 P - 2 potions of invisibility
Miscellaneous
 y - a phial of floods
Comestibles
 g - 8 bread rations


   Skills:
 + Level 11.6 Fighting
 + Level 11.8 Short Blades
 + Level 12.1 Throwing
 + Level 10.7 Dodging
 * Level 17.5 Stealth
 - Level 8.2 Invocations


You had 15 spell levels left.
You didn't know any spells.

Dungeon Overview and Level Annotations

Branches:
Dungeon (15/15)            Temple (1/1) D:7            Lair (6/6) D:9
  Swamp (4/4) Lair:4       Spider (1/4) Lair:3          Orc (2/2) D:12
    Elf (0/3) Orc:2        Vaults (0/5) D:14         Depths (0/5) D:15
  Slime: Lair:5-6

Altars:
Ashenzari
Cheibriados
Dithmenos
Elyvilon
Fedhas
Gozag
Hepliaklqana
Kikubaaqudgha
Makhleb
Nemelex Xobeh
Okawaru
Pakellas
Qazlal
Ru
Sif Muna
Trog
Uskayaw
Vehumet
Xom
Yredelemnul
Zin
The Shining One

Shops:
Orc:2 [[!?*

Annotations:
Lair:6 exclusion: oklob plant
Swamp:3 Bai Suzhen


Innate Abilities, Weirdness & Mutations

You have hoof-like feet.
Your flesh is cold resistant. (rC+)
You are mostly covered in sharp spines.
You are immune to freezing clouds.
Your movements are less encumbered by armour. (ER -4)
Your spells are a little harder to cast, but a little more powerful.


Message History

You feel like a meek peon again.
You feel sick.
The jumping spider leaps!
Throwing (i - inventory. (,) - cycle):
v - 14 tomahawks (quivered)
Press: ? - help, Shift-Dir - straight line, f - jumping spider
Aim: a jumping spider (hasn't noticed you)
You throw a tomahawk.
The tomahawk barely misses the jumping spider.
The jumping spider hisses angrily.
Unknown command.
Throwing (i - inventory. (,) - cycle):
v - 13 tomahawks (quivered)
Press: ? - help, Shift-Dir - straight line, f - jumping spider
Aim: a jumping spider (moderately wounded)
You throw a tomahawk. The wolf spider hisses angrily.
The tomahawk hits the jumping spider.
The jumping spider is moderately wounded.
You feel sick.
The jumping spider leaps!
Unknown command.
The jumping spider leaps!
The jumping spider pounces on you!
You die...

#...# ##...# ##....#
#.....# ####.....#
####^.###...#
##.#...#.#.§.# ...
#............# s...
#...@........# ....
#^...s...s..^.####....
##....####s.§.......$.
######.....((........
#..............s.
##....#.^.(....s.
#...##..##(.(.##
##^######...(## ###
#.....#


You could see a wolf spider and 2 jumping spiders.

Vanquished Creatures
  Nikola (Swamp:2)
  Rupert (D:12)
  Frances (D:14)
  3 thorn hunters
  Donald (Orc:2)
  Aizul (Swamp:2)
  Nessos (Lair:4)
  Fannar (Lair:1)
  An entropy weaver (Spider:1)
  3 fire dragons
  Josephine (Orc:2)
  An ogre mage (D:14)
  Harold (Lair:1)
  A ghost crab (Swamp:3)
  10 hydras
  2 dancing weapons (D:14)
  A death knight (D:15)
  4 alligators
  2 centaur warriors
  2 tengu warriors (D:15)
  Sonja (Lair:1)
  A fire crab (Volcano)
  A death drake (Swamp:2)
  A spriggan druid (Swamp:2)
  A skeletal warrior (D:15)
  4 unseen horrors
  3 shambling mangroves
  5 swamp dragons
  A lindwurm (Lair:6)
  4 hill giants
  3 spectral hydras (Swamp:2)
  2 griffons
  A necromancer (Swamp:2)
  3 deep elf magi
  A phantasmal warrior (Swamp:2)
  2 orc knights
  19 ugly things
  4 hornets (Swamp:1)
  5 cyclopes
  2 toenail golems (Volcano)
  A manticore (D:13)
  4 elephants (Lair:6)
  2 black mambas
  5 torpor snails (Lair:6)
  11 spiny frogs
  5 centaur skeletons
  3 rime drakes
  10 swamp worm zombies (Swamp:2)
  A demonic crawler (Spider:1)
  6 freezing wraiths
  5 komodo dragons
  A queen bee (shapeshifter) (D:15)
  10 trolls
  9 giant leeches
  7 jumping spiders
  A tengu conjurer (D:15)
  8 polar bears (Lair:6)
  12 blink frogs
  3 raiju (Lair:6)
  Prince Ribbit (D:9)
  2 wolf spider simulacra (IceCv)
  15 slime creatures
  14 bog bodies
  3 spectral swamp dragons (Swamp:2)
  2 alligator zombies (Swamp:2)
  7 redbacks
  10 spriggans
  7 shadows
  3 wyverns
  23 yaks
  Sigmund (D:2)
  9 wraiths
  A vampire (D:12)
  A giant leech zombie (Swamp:2)
  A fire elemental (Volcano)
  A fire bat (Volcano)
  A steam dragon (D:11)
  9 hippogriffs
  Grum (D:8)
  4 hungry ghosts
  21 vampire mosquitoes
  11 insubstantial wisps
  7 wargs
  7 hell hounds (Lair:6)
  3 spiny frog zombies (Swamp:2)
  15 swamp worms
  10 water moccasins
  14 black bears
  8 ice beasts
  6 porcupines
  44 orc warriors
  9 swamp drakes
  24 wasps
  5 sky beasts
  2 eyes of draining
  A necrophage (D:8)
  2 phantoms
  14 ogres
  13 crocodiles
  16 wolves
  24 centaurs
  2 big kobolds
  Blork the orc (D:6)
  5 elf zombies (Ossuary)
  16 giant frogs
  6 scorpions
  3 troll zombies (Swamp:2)
  A spriggan zombie (Swamp:2)
  16 killer bees
  2 howler monkeys
  7 electric eels
  3 lava snakes (Volcano)
  8 crimson imps
  3 giant frog zombies
  2 quasits
  9 centaur zombies
  20 hounds
  3 giant frog skeletons
  20 orc priests
  3 jellies
  28 orc wizards
  Crazy Yiuf (D:3)
  2 human zombies (Ossuary)
  9 iguanas
  7 worker ants
  2 wolf simulacra (IceCv)
  31 sheep
  A killer bee zombie (D:8)
  A hound skeleton (D:4)
  3 mummies (Ossuary)
  A howler monkey zombie (D:7)
  Robin (D:4)
  16 adders
  12 gnolls
  45 river rats
  8 shadow imps
  5 white imps (IceCv)
  An ooze (D:2)
  An adder zombie (D:5)
  4 adder skeletons
  21 worms
  3 dart slugs (D:1)
  2 giant geckos
  107 orcs
  5 bats
  3 giant cockroaches
  16 goblins
  12 hobgoblins
  16 jackals
  9 quokkas
  A ball python (D:4)
  A giant gecko skeleton (D:4)
  9 giant newts
  22 kobolds
  A quokka skeleton (D:5)
  A quokka zombie (D:6)
  3 rats
  A plant (Lair:6)
1121 creatures vanquished.

Vanquished Creatures (others)
  An ogre (D:11)
  3 fungi
  24 plants
  3 withered plants (Swamp:2)
31 creatures vanquished.

Grand Total: 1152 creatures vanquished

Notes
Turn   | Place    | Note
--------------------------------------------------------------
     0 | D:1      | hypermopl the Demonspawn Assassin began the quest for the Orb.
     0 | D:1      | Reached XP level 1. HP: 16/16 MP: 1/1
   128 | D:1      | Reached skill level 2 in Short Blades
   164 | D:1      | Gained mutation: You have large cloven feet. [demonic ancestry]
   164 | D:1      | Reached XP level 2. HP: 22/22 MP: 2/2
   361 | D:1      | Reached skill level 2 in Throwing
   361 | D:1      | Reached skill level 4 in Stealth
   993 | D:1      | Gained mutation: You are partially covered in sharp spines. [demonic ancestry]
   993 | D:1      | Reached XP level 3. HP: 27/27 MP: 3/3
  1202 | D:2      | Reached XP level 4. HP: 29/33 MP: 4/4
  1246 | D:2      | Noticed Sigmund
  1249 | D:2      | Killed Sigmund
  1249 | D:2      | Reached skill level 3 in Short Blades
  1249 | D:2      | Reached skill level 3 in Throwing
  1249 | D:2      | Reached skill level 5 in Stealth
  1249 | D:2      | Gained mutation: Your movements are slightly less encumbered by armour. (ER -2) [demonic ancestry]
  1249 | D:2      | Reached XP level 5. HP: 38/38 MP: 5/5
  1891 | D:3      | Found an oddly glowing altar of Pakellas.
  1958 | D:3      | Gained mutation: Your movements are less encumbered by armour. (ER -4) [demonic ancestry]
  1958 | D:3      | Reached XP level 6. HP: 37/44 MP: 6/6
  1993 | D:3      | Noticed Crazy Yiuf
  1998 | D:3      | Killed Crazy Yiuf
  2578 | D:4      | Reached skill level 6 in Stealth
  2581 | D:4      | Noticed Robin
  2665 | D:4      | Killed Robin
  2705 | D:4      | Found a burning altar of Makhleb.
  3001 | D:4      | Gained mutation: You have hoof-like feet. [demonic ancestry]
  3001 | D:4      | Reached XP level 7. HP: 46/50 MP: 7/7
  3121 | D:4      | Reached skill level 4 in Short Blades
  3202 | D:5      | Entered Level 5 of the Dungeon
  3480 | D:5      | Noticed a dagger
  3480 | D:5      | Found a hide-covered altar of Uskayaw.
  3480 | D:5      | Noticed a dagger
  3536 | D:5      | Reached skill level 4 in Throwing
  3536 | D:5      | Reached skill level 7 in Stealth
  3966 | D:5      | Reached XP level 8. HP: 34/56 MP: 8/8
  4590 | D:6      | Reached skill level 8 in Stealth
  4864 | D:6      | Reached skill level 5 in Short Blades
  5118 | D:6      | Noticed Blork the orc
  5134 | D:6      | Killed Blork the orc
  5165 | D:6      | Reached skill level 5 in Throwing
  5371 | D:6      | Reached skill level 9 in Stealth
  5634 | D:6      | Gained mutation: Your flesh is cold resistant. (rC+) [demonic ancestry]
  5634 | D:6      | Reached XP level 9. HP: 54/61 MP: 9/9
  5717 | D:7      | Found a staircase to the Ecumenical Temple.
  5740 | Temple   | Entered the Ecumenical Temple
  5810 | D:7      | Found a sand-covered staircase.
  5816 | Ossuary  | Entered an ossuary
  6036 | Ossuary  | Reached skill level 6 in Short Blades
  6279 | Ossuary  | Reached skill level 6 in Throwing
  6428 | D:7      | Found a shadowy altar of Dithmenos.
  6434 | D:7      | Found a shimmering altar of Xom.
  6920 | D:8      | Reached skill level 10 in Stealth
  6925 | D:8      | Reached skill level 1 in Dodging
  7172 | D:8      | Noticed Grum
  7220 | D:8      | Reached skill level 2 in Dodging
  7502 | D:9      | Gained mutation: You are immune to freezing clouds. [demonic ancestry]
  7502 | D:9      | Reached XP level 10. HP: 67/68 MP: 10/10
  7687 | D:9      | Got a smoking jade ring
  7689 | D:9      | Identified the ring of the Republic {Wiz rElec Str-3 Stlth+} (You found it on level 9 of the Dungeon)
  7701 | D:9      | Found an iron altar of Okawaru.
  7705 | D:9      | Became a worshipper of Warmaster Okawaru
  8375 | D:8      | Reached skill level 3 in Fighting
  8445 | D:8      | Killed Grum
  8516 | D:9      | Reached skill level 7 in Short Blades
  8516 | D:9      | Reached skill level 7 in Throwing
  8898 | D:9      | Reached skill level 11 in Stealth
  9058 | D:9      | Noticed Prince Ribbit
  9067 | D:9      | Killed Prince Ribbit
  9067 | D:9      | Reached * piety under Okawaru
  9068 | D:9      | Found a staircase to the Lair.
  9121 | Lair:1   | Entered Level 1 of the Lair of Beasts
  9121 | Lair:1   | Noticed Fannar
  9132 | Lair:1   | Reached skill level 3 in Dodging
  9137 | Lair:1   | Reached skill level 4 in Fighting
  9164 | Lair:1   | Killed Fannar
  9164 | Lair:1   | Reached ** piety under Okawaru
  9218 | Lair:1   | Found a frozen archway.
  9223 | Lair:1   | Reached *** piety under Okawaru
  9234 | IceCv    | Entered an ice cave
  9541 | IceCv    | Reached XP level 11. HP: 66/78 MP: 11/11
  9651 | IceCv    | Reached skill level 1 in Invocations
 10065 | IceCv    | Reached skill level 4 in Dodging
 10425 | Lair:1   | Reached skill level 2 in Invocations
 10445 | Lair:1   | Reached skill level 5 in Fighting
 10478 | Lair:1   | Noticed Harold
 10497 | Lair:1   | Killed Harold
 10497 | Lair:1   | Reached **** piety under Okawaru
 10497 | Lair:1   | Received a gift from Okawaru
 10497 | Lair:1   | Reached skill level 12 in Stealth
 10517 | Lair:1   | Noticed Sonja
 10530 | Lair:1   | Killed Sonja
 10530 | Lair:1   | Reached skill level 3 in Invocations
 10825 | Lair:1   | Reached skill level 8 in Short Blades
 10844 | Lair:1   | Reached skill level 8 in Throwing
 10848 | Lair:1   | Reached ***** piety under Okawaru
 10848 | Lair:1   | Received a gift from Okawaru
 11089 | Lair:1   | Received a gift from Okawaru
 11551 | Lair:2   | Reached skill level 5 in Dodging
 11801 | Lair:2   | Reached skill level 4 in Invocations
 12235 | Lair:3   | Found a dark tunnel.
 12276 | Lair:3   | Gained mutation: Your spells are a little harder to cast, but a little more powerful. [potion of beneficial mutation]
 12304 | Volcano  | Entered a volcano
 12457 | Volcano  | Noticed a fire crab
 12480 | Volcano  | Killed a fire crab
 12480 | Volcano  | Reached skill level 6 in Fighting
 12480 | Volcano  | Reached XP level 12. HP: 67/88 MP: 9/15
 12695 | Volcano  | Found a burning altar of Makhleb.
 12923 | Lair:3   | Reached skill level 5 in Invocations
 12971 | Lair:3   | Received a gift from Okawaru
 13502 | Lair:4   | Found a staircase to the Swamp.
 13813 | Lair:4   | Noticed Nessos
 13826 | Lair:4   | Killed Nessos
 13826 | Lair:4   | Received a gift from Okawaru
 13826 | Lair:4   | Reached skill level 13 in Stealth
 14546 | Lair:3   | Found a hole to the Spider Nest.
 14967 | D:7      | Found a shattered altar of Ashenzari.
 14967 | D:7      | Found a radiant altar of Vehumet.
 15073 | D:10     | Entered Level 10 of the Dungeon
 15205 | D:10     | You fall through a shaft!
 15209 | D:11     | Received a gift from Okawaru
 15331 | D:10     | Reached skill level 6 in Dodging
 15749 | D:10     | Reached skill level 6 in Invocations
 16294 | D:11     | Reached skill level 9 in Short Blades
 16383 | D:11     | Reached skill level 7 in Fighting
 16446 | D:11     | Got a twisted battleaxe
 16447 | D:11     | Identified the cursed +2 battleaxe of the Extremes {flame, rN+ Dex+6 Stlth-} (You found it on level 11 of the Dungeon)
 16477 | D:11     | Reached skill level 9 in Throwing
 16725 | D:11     | Received a gift from Okawaru
 16867 | D:11     | Reached ****** piety under Okawaru
 17285 | D:12     | Received a gift from Okawaru
 17389 | D:12     | Reached skill level 7 in Invocations
 17389 | D:12     | Gained mutation: You are mostly covered in sharp spines. [demonic ancestry]
 17389 | D:12     | Reached XP level 13. HP: 78/96 MP: 15/18
 17813 | D:12     | Got a bone glaive {venom}
 17814 | D:12     | Identified the +4 glaive of Quantum Leap {venom, Dex+4 SInv Stlth+} (You took it off an orc warrior on level 12 of the Dungeon)
 18024 | D:12     | Noticed Rupert
 18135 | D:12     | Found a staircase to the Orcish Mines.
 18469 | D:12     | Received a gift from Okawaru
 19764 | D:13     | Reached skill level 14 in Stealth
 20474 | D:12     | Killed Rupert
 20474 | D:12     | Received a gift from Okawaru
 20474 | D:12     | Reached skill level 7 in Dodging
 20474 | D:12     | Reached skill level 8 in Invocations
 20714 | Orc:1    | Entered Level 1 of the Orcish Mines
 20770 | Orc:1    | Received a gift from Okawaru
 21073 | Orc:1    | Found a bloodstained altar of Trog.
 21178 | Orc:2    | Entered Level 2 of the Orcish Mines
 21210 | Orc:2    | Reached skill level 8 in Fighting
 22663 | Orc:2    | Found Notuwkir's Distillery.
 22663 | Orc:2    | Found Coplupne's Armour Emporium.
 22665 | Orc:2    | Found Gapt's Armour Shoppe.
 22667 | Orc:2    | Found Cuonuf's Magic Scroll Boutique.
 22671 | Orc:2    | Bought a scroll of blinking for 112 gold pieces
 22671 | Orc:2    | Bought a scroll of blinking for 112 gold pieces
 23774 | Orc:2    | Found Piquestru's General Store.
 23788 | Orc:2    | Noticed Donald
 23814 | Orc:2    | Noticed Josephine
 23819 | Orc:2    | Killed Josephine
 24366 | Orc:2    | Bought the -2 hat of the Alchemist {rElec rPois rF+ rC+ rN+ MR+ rMut rCorr} for 755 gold pieces
 24380 | Orc:2    | Bought a potion of invisibility for 112 gold pieces
 24380 | Orc:2    | Bought a potion of brilliance for 56 gold pieces
 24380 | Orc:2    | Bought a potion of curing for 42 gold pieces
 24380 | Orc:2    | Bought a potion of curing for 42 gold pieces
 24380 | Orc:2    | Bought a potion of curing for 42 gold pieces
 24380 | Orc:2    | Bought a potion of haste for 140 gold pieces
 24380 | Orc:2    | Bought a potion of haste for 140 gold pieces
 24382 | Orc:2    | Bought a scroll of noise for 15 gold pieces
 24382 | Orc:2    | Bought a scroll of enchant armour for 112 gold pieces
 24382 | Orc:2    | Bought a scroll of teleportation for 45 gold pieces
 24382 | Orc:2    | Bought a scroll of identify for 30 gold pieces
 24382 | Orc:2    | Bought a scroll of identify for 30 gold pieces
 24431 | Orc:2    | Bought a potion of mutation for 35 gold pieces
 24431 | Orc:2    | Bought a scroll of amnesia for 49 gold pieces
 24880 | Lair:5   | Received a gift from Okawaru
 24898 | Lair:5   | Got a brightly glowing rapier {god gift}
 24901 | Lair:5   | Identified the +9 rapier "Zec Tias" {flame, rN+} (Okawaru gifted it to you on level 5 of the Lair of Beasts)
 25080 | Lair:5   | Reached XP level 14. HP: 70/106 MP: 20/20
 25427 | Lair:6   | Entered Level 6 of the Lair of Beasts
 25534 | Lair:6   | Upgraded the game from 0.19-a0-659-g8260ecf to 0.19-a0-675-gf8984cf
 25549 | Lair:6   | Reached skill level 10 in Throwing
 25619 | Lair:6   | Reached skill level 10 in Short Blades
 25702 | Lair:6   | Reached skill level 8 in Dodging
 25769 | Lair:6   | Reached skill level 15 in Stealth
 25784 | Lair:6   | Received a gift from Okawaru
 25885 | Lair:6   | Received a gift from Okawaru
 25954 | Lair:6   | Reached skill level 9 in Fighting
 26670 | Lair:6   | Found a runed door.
 27135 | Lair:6   | Received a gift from Okawaru
 28201 | D:14     | Found a gate to the Vaults.
 28452 | D:14     | Noticed Frances
 28467 | D:14     | Killed Frances
 28467 | D:14     | Received a gift from Okawaru
 28471 | D:14     | Got a blackened triple crossbow {god gift}
 28472 | D:14     | Identified the +7 triple crossbow of the Crushed Nights {venom, Fragile rElec rF+} (Okawaru gifted it to you on level 14 of the Dungeon)
 28522 | D:14     | Reached skill level 9 in Dodging
 28546 | D:14     | Reached XP level 15. HP: 71/115 MP: 21/21
 29016 | Orc:2    | Killed Donald
 29286 | Orc:2    | Bought a scroll of recharging for 142 gold pieces
 29289 | Orc:2    | Bought a potion of invisibility for 112 gold pieces
 29362 | Orc:2    | Found a staircase to the Elven Halls.
 29937 | D:15     | Entered Level 15 of the Dungeon
 29940 | D:15     | Received a gift from Okawaru
 29957 | D:15     | Got a pair of brightly glowing boots {god gift}
 29968 | D:15     | Identified the +4 pair of boots "Ecsa" {rCorr Int+2} (Okawaru gifted it to you on level 15 of the Dungeon)
 29975 | D:15     | Found a snail-covered altar of Cheibriados.
 30059 | D:15     | Reached skill level 10 in Fighting
 30075 | D:15     | Reached skill level 16 in Stealth
 30076 | D:15     | Reached skill level 11 in Throwing
 30954 | D:15     | Found a staircase to the Depths.
 31822 | Swamp:1  | Entered Level 1 of the Swamp
 31996 | Swamp:1  | Reached skill level 11 in Short Blades
 32495 | Swamp:1  | Received a gift from Okawaru
 32936 | Swamp:1  | Received a gift from Okawaru
 33890 | Swamp:2  | Noticed a thorn hunter
 33902 | Swamp:2  | Killed a thorn hunter
 33991 | Swamp:2  | Noticed Nikola
 34027 | Swamp:2  | Killed Nikola
 34027 | Swamp:2  | Reached skill level 10 in Dodging
 34167 | Swamp:2  | Reached XP level 16. HP: 86/124 MP: 22/22
 34921 | Swamp:2  | Reached skill level 11 in Fighting
 35292 | Swamp:2  | Received a gift from Okawaru
 35497 | Swamp:2  | Noticed Aizul
 35533 | Swamp:2  | Killed Aizul
 35552 | Swamp:2  | Reached skill level 17 in Stealth
 36237 | Swamp:2  | Received a gift from Okawaru
 36794 | Swamp:3  | Noticed Bai Suzhen
 36794 | Swamp:3  | Noticed a thorn hunter
 37088 | Swamp:2  | Received a gift from Okawaru
 37708 | Swamp:1  | Reached skill level 12 in Throwing
 37824 | Swamp:4  | Entered Level 4 of the Swamp
 37950 | Swamp:4  | Received a gift from Okawaru
 37964 | Swamp:4  | Noticed a tentacled monstrosity
 38206 | Swamp:3  | Noticed a thorn hunter
 38248 | Swamp:3  | Noticed a thorn hunter
 38256 | Swamp:3  | Killed a thorn hunter
 38405 | Swamp:3  | Received a gift from Okawaru
 38525 | Swamp:3  | Killed a thorn hunter
 39093 | Spider:1 | Entered Level 1 of the Spider Nest
 39110 | Spider:1 | Received a gift from Okawaru
 39498 | Spider:1 | Slain by a jumping spider

Vault maps used:
D:1:      dpeg_arrival_simpleton_c
D:2:      uniq_sigmund
D:3:      grunt_pakellas_basics, uniq_crazy_yiuf_cottage
D:4:      makhleb_heckhound_becter, corexii_checkpoint_a, uniq_robin
D:5:      dancing_weapons_uskayaw, first_bread
D:6:      uniq_blork_the_orc
D:7:      kennysheep_big_flooded_room, gammafunk_temple_overflow_wave,
          grunt_temple_overflow_open, minmay_temple_entry_large_hall,
          nicolae_ossuary_entry_plus, grunt_ogre_cave
D:8:      uniq_grum
D:9:      marbit_many_paths, lair_0_dummy, uniq_prince_ribbit1
D:12:     orc_0_dummy, uniq_rupert
D:13:     hangedman_decor_peaks_small
D:14:     erik_vaults_1, roderic_serpentine_path, uniq_frances
D:15:     grunt_enter_depths_hoard, basic_altar, solitary_fountain
Temple:   triangle_lava_temple_15
Lair:1:   portal_ice_cave_rime, patterned_corridor, uniq_harold, uniq_fannar,
          uniq_sonja
Lair:2:   small_statue_intersection
Lair:3:   nicolae_spider_entry_tight_spaces, nicolae_volcano_entry_lava_flow
Lair:4:   minmay_swamp_entry_reptiles, fungi_pond_lemuel, lemuel_fruit_tree,
          uniq_nessos
Lair:5:   beast_lair_carwin_11
Lair:6:   hangedman_lair_caniforms_friends, wormcave,
          minmay_slime_entry_oklob_enclosed, serial_bayou_pond_e
Swamp:1:  evilmike_swamp_ruin_house_5
Swamp:2:  cheibrodos_swamp_mausoleum, hangedman_swamp_ruin_hall, swamp_pool4,
          nicolae_swamp_very_dense_foliage, uniq_nikola, uniq_aizul
Swamp:3:  evilmike_swamp_ruin_rubble_1, swamp_pool3, uniq_bai_suzhen
Swamp:4:  swamp_old_school
Orc:1:    trog_hazing_becter
Orc:2:    st_orc_rangers, serial_shops, shop, nicolae_orc_lava_room,
          uniq_josephine, uniq_donald
Ossuary:  ossuary_minmay_four_chambers
IceCv:    ice_cave_small_necro
Volcano:  volcano_grotto

Skill      XL: |  1  2  3  4  5  6  7  8  9 10 11 12 13 14 15 16 |
---------------+-------------------------------------------------+-----
Short Blades   | 2 3 4 5 6 7 8 9 10 11 | 11.8
Throwing       | 2 3 4 5 6 7 8 9 10 11 12 | 12.1
Stealth        | 4 5 6 7 9 10 11 12 13 14 15 16 17 | 17.5
Dodging        | 2 3 5 6 7 9 10 | 10.7
Fighting       | 4 6 7 8 9 10 11 | 11.6
Invocations    | 4 7 8 |  8.2

Action                   |  1- 3 |  4- 6 |  7- 9 | 10-12 | 13-15 | 16-18 || total
-------------------------+-------+-------+-------+-------+-------+-------++-------
Melee: Dagger            |    92 |   105 |   519 |    12 |       |       ||   728
       Kick              |    14 |    26 |    65 |       |       |       ||   105
       Rapier            |       |       |    15 |   749 |  1626 |   445 ||  2835
       Punch             |       |       |       |     8 |    20 |     3 ||    31
 Fire: Blowgun           |     2 |    10 |     8 |    33 |    86 |    16 ||   155
Throw: Throwing net      |       |       |     2 |     7 |     1 |       ||    10
       Javelin           |       |       |       |    16 |    15 |       ||    31
       Tomahawk          |       |       |       |       |   101 |    79 ||   180
Invok: Heroism           |       |       |       |    24 |    46 |    13 ||    83
       Finesse           |       |       |       |     1 |     8 |     1 ||    10
Evoke: Wand              |       |       |     2 |    10 |     7 |     2 ||    21
  Use: Scroll            |       |       |     9 |    10 |    18 |    13 ||    50
       Potion            |       |       |     1 |     7 |     6 |     1 ||    15
 Stab: Sleeping          |    10 |    14 |    24 |    63 |    85 |    11 ||   207
       Held in net/web   |       |       |     1 |     4 |     1 |       ||     6
       Distracted        |       |       |     1 |     1 |    16 |     8 ||    26
       Paralysed         |       |       |       |     5 |       |       ||     5
       Confused          |       |       |       |       |     2 |     1 ||     3
  Eat: Chunk             |     1 |     6 |    10 |    24 |    49 |     7 ||    97
       Fruit             |       |       |     2 |       |       |       ||     2
       Pizza             |       |       |     1 |       |       |       ||     1
       Bread ration      |       |       |       |     1 |     1 |     2 ||     4
       Meat ration       |       |       |       |     1 |       |       ||     1
       Royal jelly       |       |       |       |       |       |     1 ||     1
Armor: Robe              |    25 |    22 |   108 |   115 |   142 |    51 ||   463
       Skin              |       |       |       |     5 |       |       ||     5
Dodge: Dodged            |    38 |    85 |   250 |   527 |  1087 |   395 ||  2382
